Map: Orbital Shipyard

Players

LilDicky - Winner!

  • Race: Terran Terran
  • League: Diamond

Phill

  • Race: Protoss Protoss
  • League: Diamond

VOD

http://www.twitch.tv/tumescentpie

Description

Time

  • Played on: Nov. 27, 2015, 12:36 a.m.
  • Length: 3:28
Show
View Real Time Build Order
Export as new Build Order

LilDicky Terran - Winner!

Build Orders:  

Get SALT Encoding   

  12  0:01  SCV  
  13  0:13  SCV  
  14  0:18  Supply Depot  
  14  0:25  SCV  
  15  0:32  Refinery  
  15  0:40  SCV  
  16  0:50  Barracks  
  16  0:52  SCV  
  17  1:04  SCV  
  18  1:16  SCV  
  19  1:37  Factory  
  19  1:39  Marine  
  20  1:40  Orbital Command  
  20  1:42  Supply Depot  
  20  1:57  Marine  
  21  2:17  SCV, Barracks  
  21  2:22  Barracks  
  22  2:23  Refinery  
  22  2:29  Barracks Reactor  
  22  2:31  SCV  
  23  2:43  Supply Depot, SCV, Widow Mine  
  26  2:56  SCV  
  27  3:04  Barracks Tech Lab  
  27  3:06  Marine x2  
  27  3:09  Barracks Tech Lab  
  27  3:11  SCV  
Show
View Real Time Build Order
Export as new Build Order

Phill Protoss 

Build Orders: Nexus First 

Get SALT Encoding   

  12  0:01  Probe (Chrono Boost)  
  13  0:12  Probe (Chrono Boost)  
  14  0:18  Pylon  
  14  0:22  Probe (Chrono Boost)  
  15  0:36  Probe (Chrono Boost)  
  16  0:47  Probe (Chrono Boost)  
  17  0:57  Probe (Chrono Boost)  
  17  1:02  Nexus  
  18  1:09  Probe (Chrono Boost)  
  19  1:15  Gateway  
  19  1:20  Probe (Chrono Boost)  
  19  1:24  Assimilator  
  20  1:28  Assimilator  
  20  1:32  Probe (Chrono Boost)  
  21  1:39  Pylon  
  21  1:44  Probe (Chrono Boost)  
  22  1:54  Gateway  
  22  1:56  Probe (Chrono Boost)  
  24  2:08  Probe (Chrono Boost)  
  24  2:12  Cybernetics Core  
  24  2:14  Probe (Chrono Boost)  
  24  2:19  Probe (Chrono Boost)  
  25  2:31  Probe x2 (Chrono Boost)  
  27  2:43  Probe x2 (Chrono Boost)  
  29  2:50  Stalker (Chrono Boost)  
  31  2:53  Stalker (Chrono Boost)  
  31  2:57  Probe x2  
  35  3:09  Probe  
  38  3:15  Twilight Council  
Tags
 
Add a new tag
Caveats
  • Supply blocks, unpowered buildings, or Contaminate may cause inaccurate times.
  • Supply counts are checked every 10 seconds.